 Dungeon Crawl Stone Soup version 0.28.0-43-g3370ac3207 (webtiles) character file.

Game seed: 5309750536925843484

127186 demenzo the Warrior (level 16, -3/155 HPs)
             Began as a Minotaur Cinder Acolyte on Mar 9, 2022.
             Was a High Priest of Okawaru.
             Slain by a fenstrider witch (4 damage)
             ... while paralysed by a fenstrider witch
             ... on level 1 of the Swamp.
             The game lasted 00:57:37 (41284 turns).

demenzo the Warrior (Minotaur Cinder Acolyte)      Turns: 41284, Time: 00:57:38

Health: -3/155     AC: 33    Str: 20    XL:     16   Next: 45%
Magic:  20/21      EV:  2    Int: 11    God:    Okawaru [*****.]
Gold:   2690       SH:  0    Dex: 19    Spells: 17/17 levels left

rFire   + . .      SeeInvis .   a - +4 war axe (elec)
rCold   + . .      Faith    .   l - +0 buckler
rNeg    . . .      Spirit   .   p - +6 plate armour {rF+}
rPois   .          Reflect  .   d - +1 hat
rElec   .          Harm     .   j - +0 cloak {rC+}
rCorr   .          Rampage  .   k - +0 pair of gloves
Will    ++...                   P - +1 pair of boots of Impatience {+Inv}
Stlth   ..........              N - amulet of the acrobat
HPRegen 0.35/turn               B - ring of willpower
MPRegen 0.17/turn               K - +6 ring of dexterity

@: paralysed, lethally poisoned (-3 -> -32), heroic, very slow
A: horns 2, retaliatory headbutt
a: Renounce Religion, Evoke Invisibility, Heroism, Finesse, Duel


You were on level 1 of the Swamp.
You worshipped Okawaru.
Okawaru was extremely pleased with you.
You visited 6 branches of the dungeon, and saw 26 of its levels.
You also visited: Ossuary, Bailey, Ice Cave and Volcano.

You collected 2994 gold pieces.
You spent 304 gold pieces at shops.

Inventory:

Hand Weapons
 a - a +4 war axe of electrocution (weapon)
 b - a +0 hunting sling
 c - a -1 hand axe of flaming
 z - a +2 antimagic battleaxe
Missiles
 f - 23 boomerangs
 g - 562 stones
 n - 6 throwing nets
 o - 16 poisoned darts
 s - 3 atropa-tipped darts
 C - 3 silver javelins
 I - 146 sling bullets
 Q - 10 curare-tipped darts (quivered)
 S - 5 javelins
 Z - 5 boomerangs of dispersal
Armour
 d - a +1 hat (worn)
 j - a +0 cloak of cold resistance (worn)
 k - a +0 pair of gloves (worn)
 l - a +0 buckler (worn)
 p - a +6 plate armour of fire resistance (worn)
 r - a +1 pair of boots
 P - the +1 pair of boots of Impatience (worn) {+Inv}
   (You bought it in a shop on level 2 of the Orcish Mines)

   +Inv:      It lets you turn invisible.
Jewellery
 A - a ring of protection from fire
 B - a ring of willpower (left hand)
 K - a +6 ring of dexterity (right hand)
 L - a ring of flight
 N - an amulet of the acrobat (around neck)
 W - a ring of protection from cold
Wands
 q - a wand of paralysis (24)
 t - a wand of iceblast (15)
 y - a wand of acid (16)
 D - a wand of digging (5)
 U - a wand of flame (27)
Scrolls
 h - 7 scrolls of blinking
 i - 10 scrolls of teleportation
 m - 10 scrolls of identify
 H - a scroll of magic mapping
 V - 3 scrolls of fog
 X - 2 scrolls of fear
Potions
 e - 9 potions of curing
 v - 5 potions of haste
 w - 4 potions of lignification
 x - 3 potions of heal wounds
 E - 3 potions of ambrosia
 F - 6 potions of might
 G - 2 potions of invisibility
 J - 6 potions of flight
 O - a potion of berserk rage
 T - 4 potions of magic
 Y - 3 potions of resistance
Miscellaneous
 u - a lightning rod (4/4)
 M - a box of beasts
 R - a phial of floods


   Skills:
 + Level 17.5(22.5) Fighting
 * Level 17.4(22.4) Axes
 + Level 16.9(21.9) Armour
 + Level 15.6(20.6) Dodging
 - Level 4.0(9.0) Shields
 - Level 1.0 Spellcasting
 - Level 2.1 Fire Magic
 - Level 9.1 Invocations


You had 17 spell levels left.
You didn't know any spells.
Your spell library contained the following spells:

 Spells                   Type           Power      Damage    Failure   Level
 Scorch                   Fire           10%        2d6       85%         2
 Apportation              Tloc           0%         N/A       95%         1
 Beastly Appendage        Tmut           0%         N/A       95%         1
 Pain                     Necr           0%         1d4       95%         1
 Sandblast                Erth           0%         2d4       95%         1
 Sting                    Tmut/Pois      0%         1d3       95%         1
 Blink                    Tloc           0%         N/A       98%         2
 Ensorcelled Hibernation  Hex/Ice        0%         N/A       98%         2
 Passwall                 Tmut/Erth      0%         N/A       98%         2
 Poisonous Vapours        Pois/Air       0%         N/A       98%         2
 Static Discharge         Conj/Air       0%         N/A       98%         2
 Sublimation of Blood     Necr           0%         N/A       98%         2
 Wereblood                Tmut           0%         N/A       98%         2
 Gell's Gravitas          Tloc           0%         N/A       100%        3
 Lesser Beckoning         Tloc           0%         N/A       100%        3
 Spider Form              Tmut/Pois      0%         N/A       100%        3
 Stone Arrow              Conj/Erth      0%         3d7       100%        3
 Teleport Other           Tloc           0%         N/A       100%        3
 Hailstorm                Conj/Ice       0%         3d3       100%        4
 Ice Form                 Ice/Tmut       0%         N/A       100%        4
 Olgreb's Toxic Radiance  Pois           0%         N/A       100%        4
 Passage of Golubria      Tloc           0%         N/A       100%        4
 Agony                    Necr           0%         N/A       100%        5
 Excruciating Wounds      Necr           0%         N/A       100%        5
 Lightning Bolt           Conj/Air       0%         1d11      100%        5
 Manifold Assault         Tloc           0%         N/A       100%        5
 Silence                  Hex/Air        0%         N/A       100%        5
 Yara's Violent Unravell  Hex/Tmut       0%         3d3       100%        5
 Dispersal                Tloc           0%         N/A       100%        6
 Storm Form               Tmut/Air       0%         N/A       100%        7
 Disjunction              Tloc           0%         N/A       100%        8
 Lehudib's Crystal Spear  Conj/Erth      0%         10d2      100%        8
 Maxwell's Capacitive Co  Air            0%         ∞         100%        8
 Animate Skeleton         Necr           Unusable   N/A       N/A         1
 Summon Small Mammal      Summ           Unusable   N/A       N/A         1
 Tukima's Dance           Hex            Unusable   N/A       N/A         3
 Summon Hydra             Summ           Unusable   N/A       N/A         7

Dungeon Overview and Level Annotations

Branches:
Dungeon (15/15)            Temple (1/1) D:6            Lair (6/6) D:11
  Swamp (1/4) Lair:4       Spider (1/4) Lair:3          Orc (2/2) D:11
    Elf (0/3) Orc:2        Vaults (0/5) D:13         Depths (0/4) D:15
Ossuary (visited)          Bailey (visited)           IceCv (visited)
Volcano (visited)
  Slime: Lair:5-6

Altars:
Ashenzari
Cheibriados
Dithmenos
Elyvilon
Fedhas
Gozag
Hepliaklqana
Kikubaaqudgha
Makhleb
Nemelex Xobeh
Okawaru
Qazlal
Ru
Sif Muna
Trog
Uskayaw
Vehumet
Wu Jian
Xom
Yredelemnul
Zin
The Shining One
Beogh

Shops:
D:4 *   D:9 (   Orc:2 ([[:*

Portals:
Trove: D:14 (give +5 ice dragon scales)

Annotations:
D:4 1 runed translucent door, Fangowolf's ghost, amateur GrGl
Lair:1 2 transporters
Lair:5 4 runed translucent doors, Riymurr's ghost, journeyman MfMo; Rupert
Orc:1 2 transporters, Keeluq's ghost, journeyman GrEE


Innate Abilities, Weirdness & Mutations

You have a pair of horns on your head.
You reflexively headbutt those who attack you in melee.


Message History

You feel better.
You block the fenstrider witch's attack.
The fenstrider witch barely misses you.
Unknown command.
You slash the fenstrider witch!
The fenstrider witch is severely wounded.
The fenstrider witch casts a spell at you.
Your body is wracked with pain!
* * * LOW HITPOINT WARNING * * *
You hit the fenstrider witch but do no damage.
Lightning courses through the fenstrider witch!
The fenstrider witch is almost dead.
The fenstrider witch casts a spell at you.
Your body is wracked with pain!
* * * LOW HITPOINT WARNING * * *
You hit the fenstrider witch.
Your headbutt misses the fenstrider witch.
The fenstrider witch is almost dead.
The fenstrider witch hits you!
* * * LOW HITPOINT WARNING * * *
The fenstrider witch kicks you but does no damage.
Unknown command.
You feel much better.
The fenstrider witch casts a spell at you.
You suddenly lose the ability to move!
The fenstrider witch hits you but does no damage.
The fenstrider witch kicks you!
* * * LOW HITPOINT WARNING * * *
The fenstrider witch casts a spell at you.
The toxic sludge hits you but does no damage.
You are lethally poisoned!
Splash!
You fall into the toxic bog.
Moving in this stuff is going to be slow.
You fester in the toxic bog!
You are more poisoned.
* * * LOW HITPOINT WARNING * * *
x2 You feel extremely sick.
The fenstrider witch hits you.
You die...

♣♣♣ ♣♣.♣ ♣≈..♣♣ ≈≈≈≈
♣♣.♣.♣♣♣♣ ≈≈≈≈
♣♣.≈...♣.♣♣ ≈≈≈≈≈
♣♣≈≈§≈..≈..♣ ≈§^≈≈
♣....≈≈...≈♣≈≈≈≈≈≈
♣♣..≈@......♣≈≈≈≈≈≈
♣≈...H≈≈..≈).≈≈≈≈≈≈
♣.≈≈≈≈≈♣≈.≈♣)♣♣♣♣♣♣♣♣♣♣
♣♣...≈♣♣♣§≈≈≈..§.......
♣♣≈.♣ ♣........≈≈..≈.
♣♣♣ ♣♣≈...≈≈§≈..≈≈.
♣♣..≈≈≈.....†≈
♣≈.≈≈≈..≈≈≈..
♣♣≈≈≈..≈≈≈≈≈≈


You could see a fenstrider witch.

Vanquished Creatures
  Kirke (Lair:6)
  A very ugly thing (D:14)
  2 eleionomae (Swamp:1)
  A bunyip (Swamp:1)
  Josephine (Lair:4)
  4 vault guards (D:13)
  3 boulder beetles
  Harold (D:8)
  A merfolk avatar (Lair:6)
  11 hydras
  An ogre mage (D:15)
  11 two-headed ogres
  A death knight (D:12)
  5 centaur warriors
  2 alligators (Swamp:1)
  2 tengu warriors (D:12)
  3 death yaks (D:11)
  5 orc high priests
  Nergalle (Orc:1)
  2 salamander mystics (Volcano)
  2 goliath frogs (Swamp:1)
  5 skeletal warriors
  A glowing orange brain (D:15)
  2 bog bodies
  12 orc knights
  A wizard (Volcano)
  A necromancer (IceCv)
  7 orc sorcerers
  A mana viper (shapeshifter) (D:15)
  4 deep elf pyromancers
  A will-o-the-wisp (Lair:4)
  2 harpies (Lair:6)
  A manticore (D:12)
  21 ugly things
  8 cyclopes
  Joseph (D:8)
  20 elephants
  5 black mambas
  5 molten gargoyles (Volcano)
  3 ice statues
  6 gargoyles
  7 rime drakes
  12 cane toads
  2 kobold demonologists (D:12)
  A freezing wraith (D:14)
  7 komodo dragons
  2 anaconda simulacra (IceCv)
  15 ice devils
  3 tengu conjurers
  2 entropy weaver simulacra (IceCv)
  3 meliai (Lair:5)
  A merfolk (D:14)
  A polar bear (Lair:6)
  4 trolls
  A queen bee (Lair:5)
  3 wind drakes (Lair:6)
  3 tarantellas (Spider:1)
  A hornet (shapeshifter) (D:13)
  7 hornets
  5 tyrant leeches (Swamp:1)
  7 slime creatures
  4 blink frogs (Lair:6)
  A snapping turtle (Lair:6)
  6 spriggans
  6 wraiths
  3 culicivoras (Lair:3)
  3 vampires
  3 wyverns
  6 shadows
  3 dire elephant simulacra (IceCv)
  Grum (D:8)
  30 yaks
  20 fire elementals
  3 hogs (Lair:6)
  5 redbacks (Spider:1)
  3 basilisks
  4 steam dragons
  2 swamp worms
  9 vampire mosquitoes
  6 wargs
  Menkaure (Ossuary)
  3 harpy simulacra (IceCv)
  17 water moccasins
  45 orc warriors
  5 ice beasts
  2 black bears
  A sky beast (D:6)
  A black bear (shapeshifter) (D:13)
  12 ogres
  12 centaurs
  A necrophage (D:7)
  7 wolves
  2 kobold brigands
  5 bullfrogs
  2 gnoll sergeants (D:7)
  A wyvern zombie (D:6)
  3 scorpions
  A two-headed ogre simulacrum (IceCv)
  A wyvern skeleton (D:7)
  A troll zombie (D:11)
  A water moccasin skeleton (D:5)
  14 killer bees
  An elephant simulacrum (IceCv)
  4 howler monkeys (D:9)
  4 electric eels (Lair:3)
  4 centaur zombies
  5 lava snakes
  2 bullfrog zombies
  A jelly (D:4)
  4 hounds
  27 orc priests
  Crazy Yiuf (D:6)
  A bullfrog skeleton (D:5)
  2 iguanas (D:4)
  Ijyb (D:3)
  27 orc wizards
  Natasha (D:4)
  2 killer bee zombies
  2 polar bear simulacra (IceCv)
  5 ogre zombies (D:11)
  3 mummies (Ossuary)
  A howler monkey zombie (D:9)
  17 gnolls
  A naga simulacrum (IceCv)
  3 adders
  2 white imps
  6 ufetubi
  An adder skeleton (D:4)
  A dart slug (D:3)
  106 orcs
  4 ball pythons
  8 endoplasms
  5 giant cockroaches
  12 goblins
  6 hobgoblins
  21 kobolds
  3 quokkas
  4 bats
  6 frilled lizards
  4 gnoll skeletons (Ossuary)
  3 gnoll zombies (Ossuary)
  4 goblin skeletons
  6 goblin zombies (Ossuary)
  4 hobgoblin skeletons
  7 hobgoblin zombies
  3 kobold skeletons (Ossuary)
  3 kobold zombies (Ossuary)
  7 orc skeletons
  18 orc zombies
  8 rats
  6 rat skeletons (Ossuary)
  4 rat zombies (Ossuary)
  A spectral kobold (D:6)
893 creatures vanquished.

Vanquished Creatures (others)
  A bloated husk (Swamp:1)
  A vampire (D:13)
  An orc priest (Orc:1)
  Natasha (D:4)
  An orc wizard (D:6)
  An orc (Orc:2)
  92 foxfires
  39 fungi
  77 plants
214 creatures vanquished.

Grand Total: 1107 creatures vanquished

Notes
Turn   | Place    | Note
-------+----------+-------------------------------------------
     0 | D:1      | demenzo the Minotaur Cinder Acolyte began the quest for the
                  | Orb.
     0 | D:1      | Reached XP level 1. HP: 19/19 MP: 1/1
   210 | D:1      | Reached XP level 2. HP: 27/27 MP: 2/2
   676 | D:1      | Reached XP level 3. HP: 31/33 MP: 3/3
  1337 | D:2      | Found a burning altar of Makhleb.
  1712 | D:2      | Reached skill level 5 in Axes
  1726 | D:2      | Reached skill level 1 in Shields
  1726 | D:2      | Reached XP level 4. HP: 5/41 MP: 4/4
  2543 | D:3      | Noticed Ijyb
  2543 | D:3      | Paralysed by Ijyb for 7 turns
  2551 | D:3      | Paralysed by Ijyb for 4 turns
  2560 | D:3      | Killed Ijyb
  2561 | D:3      | Reached XP level 5. HP: 41/47 MP: 5/5
  3165 | D:4      | Found a burning altar of Makhleb.
  3201 | D:4      | Reached skill level 5 in Fighting
  3246 | D:4      | Reached skill level 1 in Armour
  3246 | D:4      | Reached skill level 1 in Dodging
  3246 | D:4      | Reached XP level 6. HP: 25/56 MP: 6/6
  3689 | D:4      | Found a runed translucent door.
  3690 | D:4      | Noticed Fangowolf's ghost (amateur GrGl)
  3757 | D:4      | Found Zanis's General Store.
  3795 | D:4      | Noticed Natasha
  3801 | D:4      | Killed Natasha
  3802 | D:4      | Reached XP level 7. HP: 61/61 MP: 7/7
  3835 | D:4      | Found a glowing silver altar of Zin.
  3835 | D:4      | Found a broken altar of Ashenzari.
  3996 | D:4      | Noticed Natasha
  4006 | D:4      | Killed Natasha
  4193 | D:5      | Entered Level 5 of the Dungeon
  4239 | D:5      | Found a sand-covered staircase.
  4244 | Ossuary  | Entered an ossuary
  4560 | Ossuary  | Noticed Menkaure
  4960 | Ossuary  | Killed Menkaure
  5472 | D:5      | Reached XP level 8. HP: 66/70 MP: 8/8
  6431 | D:6      | Found a staircase to the Ecumenical Temple.
  6524 | D:6      | Reached skill level 5 in Armour
  6702 | D:6      | Found a hazy altar of Hepliaklqana.
  6790 | D:6      | Reached XP level 9. HP: 74/79 MP: 9/9
  7103 | D:6      | Found a runed translucent door.
  7104 | D:6      | Noticed Crazy Yiuf
  7114 | D:6      | Killed Crazy Yiuf
  7233 | D:7      | Found a flagged portal.
  7246 | Bailey   | Entered a bailey
  7275 | Bailey   | Reached skill level 10 in Axes
  7435 | Bailey   | Reached skill level 5 in Dodging
  7579 | Bailey   | Noticed an orc knight
  7624 | Bailey   | Killed an orc knight
  8668 | D:7      | Found a stormy altar of Qazlal.
  9439 | D:7      | Reached XP level 10. HP: 90/90 MP: 10/10
  9491 | D:8      | Noticed Harold
  9603 | D:8      | Noticed Joseph
  9697 | D:8      | Killed Joseph
  9967 | D:8      | Noticed Grum
 10445 | D:8      | Killed Grum
 11002 | D:8      | Killed Harold
 11715 | D:9      | Noticed a two-headed ogre
 11721 | D:9      | Killed a two-headed ogre
 11722 | D:9      | Reached XP level 11. HP: 78/99 MP: 11/11
 11820 | D:9      | Noticed a two-headed ogre
 11827 | D:9      | Killed a two-headed ogre
 11828 | D:9      | Reached skill level 10 in Fighting
 12357 | D:9      | Found a basalt altar of Yredelemnul.
 12479 | D:9      | Found Qutuutte's Antique Weapon Shoppe.
 12560 | D:10     | Entered Level 10 of the Dungeon
 12854 | D:10     | Identified the +5 hand axe "Tyunikhioj" {elec, *Corrode rF+
                  | rC+ Dex+7}
 13543 | D:11     | Noticed a four-headed hydra
 13551 | D:11     | Killed a one-headed hydra
 13648 | D:11     | Found a staircase to the Orcish Mines.
 13939 | D:11     | Noticed a death yak
 13943 | D:11     | Found a staircase to the Lair.
 13963 | D:11     | Killed a death yak
 14193 | D:11     | Noticed a death yak
 14195 | D:11     | Noticed a death yak
 14215 | D:11     | Killed a death yak
 14224 | D:11     | Killed a death yak
 14699 | D:11     | Reached skill level 15 in Axes
 14765 | D:11     | Noticed a two-headed ogre
 14771 | D:11     | Killed a two-headed ogre
 14925 | Lair:1   | Entered Level 1 of the Lair of Beasts
 14939 | Lair:1   | Reached skill level 10 in Armour
 15126 | Lair:1   | Found a transporter.
 15131 | Lair:1   | Reached XP level 12. HP: 110/110 MP: 12/12
 15619 | Lair:1   | Found a transporter.
 16162 | Lair:2   | Noticed a four-headed hydra
 16173 | Lair:2   | Killed a one-headed hydra
 16322 | Lair:2   | Noticed a four-headed hydra
 16348 | Lair:1   | Killed a one-headed hydra
 16349 | Lair:1   | Reached skill level 10 in Dodging
 17695 | Lair:3   | Found a dark tunnel.
 17701 | Volcano  | Entered a volcano
 18025 | Volcano  | Reached XP level 13. HP: 97/119 MP: 13/13
 18211 | Volcano  | Noticed an orb of fire
 18486 | Volcano  | Noticed an orb of fire
 19378 | Lair:3   | Found a hole to the Spider Nest.
 20373 | Lair:4   | Noticed Josephine
 20383 | Lair:4   | Killed Josephine
 20407 | Lair:4   | Found a staircase to the Swamp.
 20574 | Lair:4   | Found a frozen archway.
 20612 | IceCv    | Entered an ice cave
 21460 | IceCv    | Got Rots's Disquisition on the Snowflakes
 22254 | Lair:5   | Found a runed translucent gate.
 22254 | Lair:5   | Found a runed translucent gate.
 22254 | Lair:5   | Found a runed translucent gate.
 22255 | Lair:5   | Noticed Riymurr's ghost (journeyman MfMo)
 22284 | Lair:5   | Found a runed translucent door.
 22668 | Lair:5   | Reached XP level 14. HP: 119/133 MP: 14/14
 23079 | Lair:5   | Reached skill level 15 in Fighting
 23286 | Lair:5   | Noticed Rupert
 23291 | Lair:5   | Paralysed by Rupert for 5 turns
 23495 | Temple   | Entered the Ecumenical Temple
 23599 | Temple   | Fell from the grace of Ignis
 23599 | Temple   | Became a worshipper of Warmaster Okawaru
 23822 | Lair:6   | Entered Level 6 of the Lair of Beasts
 24190 | Lair:6   | Reached * piety under Okawaru
 24224 | Lair:6   | Reached skill level 1 in Invocations
 24942 | Lair:5   | Reached ** piety under Okawaru
 25334 | Lair:6   | Noticed Kirke
 25348 | Lair:6   | Killed Kirke
 26109 | D:11     | Reached *** piety under Okawaru
 26719 | D:11     | Reached skill level 15 in Armour
 26742 | D:11     | Reached skill level 5 in Invocations
 27439 | D:12     | Reached **** piety under Okawaru
 28818 | D:13     | You fall into a shaft and drop 2 floors!
 28818 | D:15     | Entered Level 15 of the Dungeon
 28887 | D:15     | Reached XP level 15. HP: 92/144 MP: 18/18
 28947 | D:15     | Reached ***** piety under Okawaru
 29896 | D:14     | Received a gift from Okawaru
 30032 | D:12     | Was forgiven by Ignis
 30763 | D:13     | Found a gate to the Vaults.
 31277 | D:13     | Received a gift from Okawaru
 31705 | D:13     | Found a gate to the Vaults.
 32675 | D:14     | Found a portal to a secret trove of treasure.
 34184 | D:15     | Reached ****** piety under Okawaru
 34360 | D:15     | Found a staircase to the Depths.
 34368 | D:15     | Received a gift from Okawaru
 34374 | D:15     | Reached skill level 15 in Dodging
 34556 | Orc:1    | Entered Level 1 of the Orcish Mines
 34569 | Orc:1    | Found a transporter.
 34582 | Orc:1    | Found a transporter.
 34637 | Orc:1    | Noticed Keeluq's ghost (journeyman GrEE)
 35377 | Orc:1    | Found a bloodstained altar of Trog.
 35464 | Orc:1    | Noticed Nergalle
 35919 | Orc:1    | Killed Nergalle
 36520 | Orc:2    | Entered Level 2 of the Orcish Mines
 37020 | Orc:1    | Reached XP level 16. HP: 145/155 MP: 21/21
 37084 | Orc:2    | Found a staircase to the Elven Halls.
 37112 | Orc:2    | Paralysed by an orc sorcerer for 6 turns
 38325 | Orc:2    | Found Xuhiosy's Antique Weapon Emporium.
 39087 | Orc:2    | Identified the +1 chain mail of the Quahog {rElec rC- Will+
                  | rCorr Dex+2} (Okawaru gifted it to you on level 2 of the
                  | Orcish Mines)
 39087 | Orc:2    | Received a gift from Okawaru
 39737 | Orc:2    | Found Haqekucip's Antique Armour Shop.
 39737 | Orc:2    | Found Jitocu's General Store.
 39743 | Orc:2    | Found Nysekul's Antique Armour Shop.
 39743 | Orc:2    | Found Wuar's Book Shoppe.
 39757 | Orc:2    | Bought a pair of warped boots for 304 gold pieces
 39757 | Orc:2    | Identified the +1 pair of boots of Impatience {+Inv} (You
                  | bought it in a shop on level 2 of the Orcish Mines)
 39939 | Spider:1 | Entered Level 1 of the Spider Nest
 40197 | Swamp:1  | Entered Level 1 of the Swamp
 41281 | Swamp:1  | HP: 2/155 [fenstrider witch (10)]
 41282 | Swamp:1  | Paralysed by a fenstrider witch for 4 turns
 41284 | Swamp:1  | Slain by a fenstrider witch

Illustrated notes

Levels and vault maps discovered:
D:1:      onia_arrival_mini_maze_b, layout_loops_corners, minmay_pentomino_s2
D:2:      layout_loops_ring, basic_altar, minmay_splitting_lines,
          nicolae_grassy_gnolls
D:3:      layout_loops_ring, uniq_ijyb
D:4:      layout_basic, minitemple, serial_shops, nicolae_shop_trees,
          ebering_ghost_inner_flame, minivault_14, hex_large, uniq_natasha
D:5:      layout_rooms, enter_ossuary_2
D:6:      layout_loops_corners, nicolae_hepliaklqana_monster_ancestors,
          minmay_temple_entry_butterflies, grunt_ministairs_12,
          uniq_crazy_yiuf_cottage
D:7:      layout_gridville, nicolae_qazlal_scattered_showers, enter_bailey_3,
          serial_co_window_serial, co_window_of_opportunity_a,
          co_window_of_opportunity_a, co_window_corner_a, co_window_paths_a,
          co_window_paths_a, co_window_corner_a, co_window_of_opportunity_c,
          co_window_broadway_b, co_window_paths_c, co_window_4corner_b,
          co_window_paths_e
D:8:      layout_gridville, uniq_harold, uniq_grum, uniq_joseph
D:9:      layout_basic, lemuel_zombie_altar_yredelemnul, serial_shops,
          nicolae_shop_behind_doors
D:10:     layout_basic, chequers_jeans, nrook_uturn
D:11:     cheibrodos_frozen_isle, layout_gridville, dpeg_lair_monsters,
          zombieorc1_lemuel, kennysheep_generic_room_8
D:12:     lemuel_ice_spiral_2, layout_basic, st_stairs_8
D:13:     kennysheep_big_flooded_room, layout_small_grid,
          lightli_vaults_fourway_checkpoint
D:14:     layout_basic, nicolae_trove_entry_columns,
          chequers_serial_rivers_marsh, hangedman_fish_farm
D:15:     gammafunk_enter_depths_forms, layout_rooms, serial_bayou_pond_a
Temple:   nicolae_temple_x_marks_the_god
Lair:1:   gammafunk_cloud_chamber, layout_cave_pods,
          grunt_forest_small_clearing_treed, infiniplex_staircase_pool_2
Lair:2:   layout_loops_ring
Lair:3:   layout_concentric_octagons, hellmonk_spider_entry_life_and_decay,
          nicolae_volcano_entry_two_sided, serial_bayou_lagoon_a, minivault_24,
          nicolae_lair_liquid_snakes
Lair:4:   layout_concentric_octagons, minmay_swamp_entry_wisps,
          portal_ice_cave_demonic_guard, uniq_josephine
Lair:5:   layout_long_grid, slime_altar_2, ebering_ghost_rock_garden,
          special_room [special_room_bee], grunt_megastairs_3, uniq_rupert
Lair:6:   gammafunk_lair_ancient_temple, layout_cave_pods, minmay_lindwurm_lava,
          uniq_kirke
Swamp:1:  layout_basic_swamp, wheals_swamp_sinkhole, swamp_pool3,
          infiniplex_staircase_pool
Spider:1: layout_spider_delve
Orc:1:    layout_caves, gammafunk_ghost_wrathful_warriors, minmay_orc_temple_c,
          uniq_nergalle
Orc:2:    grunt_orc_tribal_feast, layout_caves, basic_altar, serial_shops, shop

Skill      XL: |  1  2  3  4  5  6  7  8  9 10 11 12 13 14 15 16 |
---------------+-------------------------------------------------+-----
Axes           | 4 5 6 7 8 9 11 13 15 16 17 | 17.4
Fighting       | 4 5 6 7 8 9 11 12 14 16 17 | 17.5
Shields        | 1 2 3 4 |  4.0
Armour         | 1 2 3 5 6 8 10 11 13 15 16 | 16.9
Dodging        | 1 2 3 4 6 7 9 11 12 14 15 | 15.6
Invocations    | 6 9 |  9.1
Spellcasting   | |  1.0
Fire Magic     | |  2.1

Action                   |  1- 3 |  4- 6 |  7- 9 | 10-12 | 13-15 | 16-18 || total
-------------------------+-------+-------+-------+-------+-------+-------++-------
Melee: Hand axe          |    57 |    92 |   369 |    16 |    59 |     8 ||   601
       Headbutt          |     8 |    15 |    80 |    97 |   405 |    76 ||   681
       War axe           |       |       |    37 |   454 |  1506 |   315 ||  2312
 Fire: Hunting sling     |       |       |       |     3 |       |       ||     3
Throw: Dart              |       |       |       |     3 |     1 |       ||     4
Invok: Foxfire Swarm     |       |       |     5 |       |       |       ||     5
       Fiery Armour      |       |       |     1 |     2 |       |       ||     3
       Heroism           |       |       |       |       |     2 |     2 ||     4
       Rising Flame      |       |       |       |       |     1 |       ||     1
Evoke: Wand              |       |       |       |     7 |     2 |       ||     9
  Use: Scroll            |       |       |     8 |    13 |    10 |       ||    31
       Potion            |       |       |     1 |       |     2 |     3 ||     6
Armor: Robe              |     9 |     5 |       |       |       |       ||    14
       Ring mail         |       |     5 |       |       |       |       ||     5
       Chain mail        |       |    26 |   201 |   168 |     8 |       ||   403
       Plate armour      |       |       |       |       |   723 |   133 ||   856
Dodge: Dodged            |    26 |    37 |   108 |   202 |   631 |   156 ||  1160
Block: Buckler           |     3 |    17 |    59 |    68 |   265 |    67 ||   479
